 Dungeon Crawl Stone Soup version 0.30-a0-321-gf7783e6 (webtiles) character file.

Game seed: 16245419021732449713

536 Sixotanaka the Ducker (level 7, 0/56 HPs)
             Began as a Gnoll Gladiator on Oct 26, 2022.
             Was a Follower of Cheibriados.
             Slain by Dowan
             ... wielding a +3 dagger of flaming
              (4 damage)
             ... on level 5 of the Dungeon.
             The game lasted 00:08:20 (3374 turns).

Sixotanaka the Ducker (Gnoll Gladiator)             Turns: 3374, Time: 00:08:21

Health: 0/56       AC:  8    Str: 17    XL:     7   Next: 25%
Magic:  10/10      EV: 15    Int:  9    God:    Cheibriados [*.....]
Gold:   220        SH:  0    Dex: 16    Spells: 10/10 levels left

rFire   . . .      SeeInvis .    a - +0 rapier
rCold   . . .      Faith    .    (no shield)
rNeg    . . .      Spirit   .    b - +0 leather armour
rPois   .          Reflect  .    c - +0 helmet
rElec   .          Harm     .    (no cloak)
rCorr   +          Rampage  .    (no gloves)
Will    .....                    (no boots)
Stlth   ++........               (no amulet)
HPRegen 0.29/turn                v - ring of resist corrosion
MPRegen 0.12/turn                w - +4 ring of protection

@: very slow
A: fangs 1, strong nose, distributed training
a: Renounce Religion, Bend Time


You were on level 5 of the Dungeon.
You worshipped Cheibriados.
Cheibriados was aware of your devotion.
You visited 2 branches of the dungeon, and saw 6 of its levels.

You collected 220 gold pieces.

Inventory:

Hand Weapons
 a - a +0 rapier (weapon)
 q - a +2 dagger of holy wrath
Missiles
 d - 2 throwing nets
 e - a javelin
 i - 5 poisoned darts (quivered)
 k - 7 boomerangs
Armour
 b - a +0 leather armour (worn)
 c - a +0 helmet (worn)
Jewellery
 v - a ring of resist corrosion (left hand)
 w - a +4 ring of protection (right hand)
Scrolls
 f - 3 scrolls of teleportation
 h - a scroll of vulnerability
 o - a scroll of silence
Potions
 g - 2 potions of degeneration
 j - a potion of might {unknown}
 l - 2 potions of lignification
 m - a potion of attraction {unknown}
 n - 2 potions of haste
 p - a potion of ambrosia {unknown}
 r - a potion of mutation {unknown}
 s - a potion of brilliance {unknown}
 t - a potion of magic {unknown}


   Skills:
 + Level 5.2 Fighting
 + Level 7.0 Short Blades
 + Level 2.4 Long Blades
 + Level 2.4 Axes
 + Level 2.4 Maces & Flails
 + Level 2.4 Polearms
 + Level 2.4 Staves
 + Level 2.4 Ranged Weapons
 + Level 5.2 Throwing
 + Level 2.4 Armour
 + Level 7.0 Dodging
 + Level 2.4 Stealth
 + Level 2.4 Shields
 + Level 2.4 Unarmed Combat
 + Level 2.4 Spellcasting
 + Level 2.0 Conjurations
 + Level 2.0 Hexes
 + Level 2.0 Summonings
 + Level 2.0 Necromancy
 + Level 2.0 Translocations
 + Level 2.0 Transmutations
 + Level 2.0 Fire Magic
 + Level 2.0 Ice Magic
 + Level 2.0 Air Magic
 + Level 2.0 Earth Magic
 + Level 2.0 Poison Magic
 + Level 2.7 Invocations
 + Level 2.4 Evocations


You had 10 spell levels left.
You didn't know any spells.
Your spell library contained the following spells:

 Spells                   Type           Power      Damage    Failure   Level
 Apportation              Tloc           8%         N/A       17%         1
 Blink                    Tloc           8%         N/A       26%         2
 Ensorcelled Hibernation  Hex/Ice        8%         N/A       26%         2
 Momentum Strike          Conj/Tloc      8%         3d8       26%         2
 Passwall                 Tmut/Erth      3%         N/A       26%         2
 Call Canine Familiar     Summ           4%         N/A       45%         3
 Lesser Beckoning         Tloc           8%         N/A       45%         3
 Portal Projectile        Hex/Tloc       8%         N/A       45%         3
 Swiftness                Air            4%         N/A       45%         3
 Leda's Liquefaction      Hex/Erth       2%         N/A       86%         4
 Alistair's Intoxication  Tmut/Pois      2%         N/A       99%         5


Dungeon Overview and Level Annotations

Branches:
Dungeon (5/15)             Temple (1/1) D:4

Altars:
Cheibriados
Gozag
Hepliaklqana
Makhleb
Nemelex Xobeh
Qazlal
Trog
Vehumet
Xom
Yredelemnul
Zin

Shops:
D:1 [

Annotations:
D:5 Dowan


Innate Abilities, Weirdness & Mutations

You have very sharp teeth.
Your uncanny sense of smell can sniff out nearby items.
Your experience applies equally to all skills.


Message History

Dowan points at you and mumbles some strange words.
The stone arrow hits you.
* * * LOW HITPOINT WARNING * * *
Your Short Blades skill increases to level 7!
Your Dodging skill increases to level 7!
Your Conjurations skill increases to level 2!
Your Hexes skill increases to level 2!
Your Summonings skill increases to level 2!
Your Necromancy skill increases to level 2!
Your Translocations skill increases to level 2!
Your Transmutations skill increases to level 2!
Your Fire Magic skill increases to level 2!
Your Ice Magic skill increases to level 2!
Your Air Magic skill increases to level 2!
Your Earth Magic skill increases to level 2!
Your Poison Magic skill increases to level 2!
Throw: 2 darts (atropa)
Press: ? - help, Shift-Dir - straight line, f/p - Dowan
Aim: Dowan, wielding a +3 dagger of flaming and wearing a +0 robe (moderately wounded, fast, very poisoned, 54% to hit, chance to blind on hit: 90%)
You throw an atropa-tipped dart. The atropa-tipped dart hits Dowan!
Dowan resists.
Dowan is moderately wounded.
Throw: dart (atropa)
Press: ? - help, Shift-Dir - straight line, f/p - Dowan
Aim: Dowan, wielding a +3 dagger of flaming and wearing a +0 robe (moderately wounded, fast, very poisoned, 54% to hit, chance to blind on hit: 89%)
You throw an atropa-tipped dart. The atropa-tipped dart hits Dowan!
Dowan appears confused.
Dowan is moderately wounded.
Dowan closely misses you.
Unknown command.
You hit Dowan. You punch Dowan.
Dowan is heavily wounded.
Dowan hits you but does no damage.
You hit Dowan but do no damage.
Dowan is heavily wounded.
Dowan seems less confused.
Dowan barely misses you. Dowan closely misses you.
You hit Dowan.
Dowan is severely wounded.
Dowan hits you with a +3 dagger of flaming.
You die...

# ##.##.###.......##
#.##...#.##.........####
#.........+.........'...
####...####.........####
#........##.......##
#....###.###.....##
#..### #.# ##...##
#..#####.#####'##
#...(e@......#.#
##.#(#######.#.# #(
#####.#.## ..
#........## ..8
..###.....# ....
.........## ##..#
######..######## ...
#.......... ##.########


You could see Dowan (fast, blind, very poisoned).

Vanquished Creatures
  Duvessa (D:5)
  A scorpion (D:5)
  A hound (D:4)
  4 jellies (D:4)
  An orc wizard (D:4)
  Robin (D:2)
  4 gnolls
  5 adders
  3 worms
  2 dart slugs
  7 orcs
  10 endoplasms
  2 giant cockroaches (D:4)
  14 goblins
  7 hobgoblins
  3 quokkas
  11 ball pythons
  4 bats
  A frilled lizard (D:1)
  5 kobolds
  4 rats
91 creatures vanquished.

Notes
Turn   | Place    | Note
-------+----------+-------------------------------------------
     0 | D:1      | Sixotanaka the Gnoll Gladiator began the quest for the Orb.
     0 | D:1      | Reached XP level 1. HP: 20/20 MP: 1/1
    74 | D:1      | Reached XP level 2. HP: 26/26 MP: 2/2
   397 | D:1      | Found Lizxoc's Antique Armour Shop.
   672 | D:2      | Reached XP level 3. HP: 31/31 MP: 3/3
   694 | D:1      | Reached skill level 1 in Invocations
   799 | D:2      | Reached skill level 1 in Long Blades
   799 | D:2      | Reached skill level 1 in Axes
   799 | D:2      | Reached skill level 1 in Maces & Flails
   799 | D:2      | Reached skill level 1 in Polearms
   799 | D:2      | Reached skill level 1 in Staves
   799 | D:2      | Reached skill level 1 in Ranged Weapons
   799 | D:2      | Reached skill level 1 in Armour
   799 | D:2      | Reached skill level 1 in Stealth
   799 | D:2      | Reached skill level 1 in Shields
   799 | D:2      | Reached skill level 1 in Unarmed Combat
   799 | D:2      | Reached skill level 1 in Spellcasting
   799 | D:2      | Reached skill level 1 in Evocations
   807 | D:2      | Reached XP level 4. HP: 22/38 MP: 5/5
   956 | D:2      | Reached skill level 1 in Conjurations
   956 | D:2      | Reached skill level 1 in Hexes
   956 | D:2      | Reached skill level 1 in Summonings
   956 | D:2      | Reached skill level 1 in Necromancy
   956 | D:2      | Reached skill level 1 in Translocations
   956 | D:2      | Reached skill level 1 in Transmutations
   956 | D:2      | Reached skill level 1 in Fire Magic
   956 | D:2      | Reached skill level 1 in Ice Magic
   956 | D:2      | Reached skill level 1 in Air Magic
   956 | D:2      | Reached skill level 1 in Earth Magic
   956 | D:2      | Reached skill level 1 in Poison Magic
  1096 | D:2      | Noticed Robin
  1132 | D:2      | Killed Robin
  1406 | D:3      | Found a faded altar of an unknown god.
  1514 | D:3      | Reached XP level 5. HP: 39/43 MP: 7/7
  1970 | D:4      | Found a staircase to the Ecumenical Temple.
  1984 | Temple   | Entered the Ecumenical Temple
  2009 | Temple   | Became a worshipper of Cheibriados the Contemplative
  2399 | D:4      | Reached XP level 6. HP: 49/50 MP: 8/8
  2547 | D:4      | Reached * piety under Cheibriados
  2548 | D:4      | Reached skill level 5 in Fighting
  2548 | D:4      | Reached skill level 5 in Throwing
  3079 | D:5      | Entered Level 5 of the Dungeon
  3208 | D:5      | Reached XP level 7. HP: 56/56 MP: 10/10
  3355 | D:5      | Noticed Dowan
  3356 | D:5      | Noticed Duvessa
  3369 | D:5      | Killed Duvessa
  3374 | D:5      | Slain by Dowan

Illustrated notes

Levels and vault maps discovered:
D:1:      ncdulo_watergridlock, layout_rooms, serial_shops,
          nicolae_shop_window_shopping, nicolae_kite_square_tiling_tiny
D:2:      layout_rooms, kennysheep_generic_room_4, uniq_robin
D:3:      layout_rooms, hellmonk_ecumenical_altar_run_dry,
          minmay_misc_feat_five, kennysheep_crisscross
D:4:      layout_cave_pods, minmay_temple_entry_ruins,
          cheibrodos_sewer_entry_bend
D:5:      layout_loops_corners, minitemple, uniq_duvessa
Temple:   nicolae_temple_two_arcs

Skill      XL: |  1  2  3  4  5  6  7 |
---------------+----------------------+-----
Invocations    | 1 2 |  2.7
Long Blades    | 1 2 |  2.4
Axes           | 1 2 |  2.4
Maces & Flails | 1 2 |  2.4
Polearms       | 1 2 |  2.4
Staves         | 1 2 |  2.4
Ranged Weapons | 1 2 |  2.4
Armour         | 1 2 |  2.4
Stealth        | 1 2 |  2.4
Shields        | 1 2 |  2.4
Unarmed Combat | 1 2 |  2.4
Spellcasting   | 1 2 |  2.4
Evocations     | 1 2 |  2.4
Conjurations   | 1 2 |  2.0
Hexes          | 1 2 |  2.0
Summonings     | 1 2 |  2.0
Necromancy     | 1 2 |  2.0
Translocations | 1 2 |  2.0
Transmutations | 1 2 |  2.0
Fire Magic     | 1 2 |  2.0
Ice Magic      | 1 2 |  2.0
Air Magic      | 1 2 |  2.0
Earth Magic    | 1 2 |  2.0
Poison Magic   | 1 2 |  2.0
Fighting       | 5 |  5.2
Throwing       | 5 |  5.2
Short Blades   | 7 |  7.0
Dodging        | 7 |  7.0

Action                   |  1- 3 |  4- 6 |  7- 9 || total
-------------------------+-------+-------+-------++-------
Melee: Rapier            |    79 |   239 |     9 ||   327
       Bite              |     8 |    29 |     1 ||    38
       Punch             |     3 |     1 |     1 ||     5
Throw: Throwing net      |     1 |     1 |       ||     2
       Boomerang         |       |    30 |     2 ||    32
       Javelin           |       |     1 |       ||     1
       Dart              |       |       |     7 ||     7
  Use: Scroll            |       |     8 |       ||     8
 Stab: Sleeping          |     2 |     2 |       ||     4
       Held in net/web   |     1 |     1 |       ||     2
Armor: Leather armour    |    14 |    61 |     2 ||    77
Dodge: Dodged            |    40 |   133 |     8 ||   181

Table legend: (Time is in decaauts)
 A = Elapsed time spent in this place.
 B = Non-inter-level travel time spent in this place.
 C = Inter-level travel time spent in this place.
 D = Time resting spent in this place.
 E = Time spent auto-exploring this place.
 F = Levels seen in this place.
 G = Mean time per level.
                   A        B        C        D        E       F      G
               +--------+--------+--------+--------+--------+-----+--------+
         Total |   3680 |   3481 |    199 |    212 |   2528 |   6 |  613.3 |
       Dungeon |   3643 |   3454 |    189 |    212 |   2528 |   5 |  728.6 |
        Temple |     36 |     26 |     10 |      0 |      0 |   1 |   36.0 |
               +--------+--------+--------+--------+--------+-----+--------+

Top non-repeatable levels by time:
     D:4: 1213 daAuts
     D:3: 748 daAuts
     D:1: 668 daAuts
     D:2: 635 daAuts
     D:5: 378 daAuts
  Temple: 36 daAuts
